 Dungeon Crawl Stone Soup version 0.16.2-2-g470672f (webtiles) character file.

5747 drareg the Basher (level 10, -11/94 HPs)
             Began as a Deep Dwarf Berserker on Aug 31, 2015.
             Was an Elder of Trog.
             Mangled by tognito's ghost (24 damage)
             ... in a bailey.
             The game lasted 00:42:31 (3269 turns).

drareg the Basher (Deep Dwarf Berserker)            Turns: 3269, Time: 00:42:31

Health: -11/94     AC:  9    Str: 24    XL:     10   Next: 49%
Magic:  12/12      EV: 17    Int:  8    God:    Trog [****..]
Gold:   182        SH:  0    Dex: 15    Spells: 0 memorised, 9 levels left

rFire  + . .     SeeInvis .     x - +2 dire flail (crush)
rCold  . . .     Clarity  .     A - +2 ring mail {rF+}
rNeg   . . .     SustAb   .     (no shield)
rPois  .         Gourm    .     G - +1 hat
rElec  .         Spirit   .     (no cloak)
rCorr  .         Warding  .     (no gloves)
rMut   .         Stasis   .     F - +0 pair of boots
MR     +++..                    (no amulet)
Stlth  +.........               (no ring)
                                f - +3 ring of dexterity

@: exhausted, non-regenerating, slowed, very slow, extremely resistant to
hostile enchantments, very unstealthy
A: damage resistance, recharge devices, sense surroundings 2, slow healing 3
a: Device Recharging, Burn Spellbooks, Berserk, Trog's Hand, Brothers in Arms,
Renounce Religion


You were in a bailey.
You worshipped Trog.
Trog was greatly pleased with you.
You were full.

You visited 2 branches of the dungeon, and saw 9 of its levels.
You also visited: Bailey.

You collected 382 gold pieces.
You spent 200 gold pieces at shops.

Inventory:

Hand weapons
 a - a +0 hand axe
 p - a +2 hunting sling of freezing
 x - a +2 dire flail of crushing (weapon)
 I - a +2 dire flail of holy wrath
 J - a cursed -1 war axe
Missiles
 q - 19 sling bullets
 M - 3 tomahawks of returning (quivered)
Armour
 b - a +0 animal skin
 j - a +0 leather armour
 y - a +0 chain mail
 A - a +2 ring mail of fire resistance (worn)
 F - a +0 pair of boots (worn)
 G - a +1 hat (worn)
Jewellery
 f - a +3 ring of dexterity (left hand)
 g - an uncursed ring of flight {unknown}
 B - an uncursed ring of wizardry {unknown}
Magical devices
 c - a wand of heal wounds (0)
 w - a wand of draining (9)
 E - a wand of random effects (26)
Scrolls
 l - 2 scrolls of enchant weapon
 m - a scroll of recharging {unknown}
 r - a scroll of blinking
 t - a scroll of amnesia {unknown}
 u - a scroll of teleportation {unknown}
 v - a scroll of magic mapping {unknown}
 H - a scroll of identify
 K - a scroll of remove curse {unknown}
Potions
 e - a potion of restore abilities
 h - a potion of ambrosia {unknown}
 i - 2 potions of curing
 n - a potion of cancellation {unknown}
 o - a potion of heal wounds {unknown}
 s - a potion of agility {unknown}
 z - 2 potions of berserk rage {unknown}
 C - 2 potions of beneficial mutation {unknown}
 D - a potion of brilliance {unknown}
Miscellaneous
 L - a phantom mirror
Comestibles
 d - 3 bread rations
 k - 2 meat rations


   Skills:
 + Level 7.0 Fighting
 - Level 4.4(8.4) Axes
 * Level 10.0(10.3) Maces & Flails
   Level 0.8(2.4) Polearms
 + Level 1.4(1.9) Slings
 - Level 1.3(1.6) Throwing
 - Level 2.6 Armour
 + Level 9.9 Dodging
 + Level 2.2 Evocations


You had 9 spell levels left.
You didn't know any spells.

Dungeon Overview and Level Annotations

Branches:
Dungeon (8/15)             Temple (1/1) D:5            Lair (0/8) D:8

Altars:
Dithmenos
Fedhas
Gozag
Kikubaaqudgha
Nemelex Xobeh
Okawaru
Ru
Xom
Yredelemnul
Zin
Lugonu

Shops:
D:4 (   D:7 [*[:

Annotations:
Bailey tognito's ghost, experienced MiBe


Innate Abilities, Weirdness & Mutations

You are resistant to damage.
You can recharge devices by infusing magical energy.
You passively map the area around you.
You do not heal naturally.


Message History

Tognito's ghost yells, "Who would have thought, even in death it is a pleasure to sever!"
Tognito's ghost hits you!
* * * LOW HITPOINT WARNING * * *
You feel better. The goblin misses you. Tognito's ghost hits you.
You hit the goblin.
You kill the goblin!
Trog accepts your kill.
The kobold throws a tomahawk of returning.
The tomahawk of returning closely misses you.
The weapon returns to the kobold!
Tognito's ghost hits you!!
* * * LOW HITPOINT WARNING * * *
Use which ability? (? or * to list)
Your skin crawls.
You feel resistant to hostile enchantments.
You feel slightly less full.
The kobold throws a tomahawk of returning.
The tomahawk of returning hits you.
* * * LOW HITPOINT WARNING * * *
The weapon returns to the kobold!
Tognito's ghost hits you!!
You die...

,.≈.≈K ,
#≈.≈#* '*
K≈.≈.,
##≈)≈##*' ,
K≈(≈.
#'###≈g≈###'#
#..KK≈o≈KK..#
#'###≈g≈###'#
#.K..≈@WKKK^#
#'###≈(≈###+#
#..KK≈(≈K...#
#+###≈.≈###+#
#^..K≈(≈K...#
######(######
###^∩(###
#^#^.^#^#
###^∩^###


You could see tognito's ghost, an orc, a hobgoblin, a goblin and 15 kobolds.

Vanquished Creatures
  An orc knight (Bailey)
  Joseph (D:8)
  A hippogriff (D:8)
  Grum (D:8)
  5 yaks (D:8)
  A hungry ghost (D:8)
  Edmund (D:7)
  4 wolves (D:8)
  3 porcupines (D:8)
  A black bear (D:6)
  5 orc warriors
  An ice beast (D:6)
  2 wasps (D:8)
  2 ogres (D:8)
  2 sky beasts
  4 crocodiles (D:8)
  2 gnoll sergeants
  4 giant frogs
  A scorpion (D:7)
  3 wights (D:8)
  A goliath beetle (D:7)
  A giant frog zombie (D:6)
  A centaur zombie (D:6)
  3 hounds
  2 crimson imps (D:6)
  2 giant frog skeletons (D:4)
  11 orc wizards
  2 iguanas (D:5)
  3 worker ants
  A hound zombie (D:5)
  A worker ant zombie (D:8)
  11 gnolls
  4 adders
  4 river rats (D:8)
  A worm (D:3)
  A giant mite (D:3)
  2 adder skeletons
  3 oozes (D:3)
  13 orcs
  A bat zombie (D:7)
  3 goblins
  10 hobgoblins
  8 jackals
  3 quokkas
  4 ball pythons
  7 bats
  3 giant cockroaches
  4 giant geckos
  2 giant newts
  6 kobolds
  7 rats
170 creatures vanquished.

Notes
Turn   | Place    | Note
--------------------------------------------------------------
     0 | D:1      | drareg, the Deep Dwarf Berserker, began the quest for the Orb.
     0 | D:1      | Reached XP level 1. HP: 20/20 MP: 1/1
    28 | D:1      | Reached XP level 2. HP: 12/27 MP: 2/2
   263 | D:1      | Acquired Trog's second power
   336 | D:2      | Reached skill level 4 in Axes
   336 | D:2      | Reached XP level 3. HP: 19/34 MP: 3/3
   477 | D:3      | Found an opulent altar of Gozag.
   597 | D:3      | Noticed a gnoll sergeant
   608 | D:3      | Killed a gnoll sergeant
   608 | D:3      | Reached XP level 4. HP: 19/42 MP: 4/4
   611 | D:3      | Reached XP level 5. HP: 22/49 MP: 5/5
  1014 | D:4      | Reached skill level 1 in Slings
  1014 | D:4      | Reached skill level 1 in Throwing
  1053 | D:4      | Found Ewkacvym's Antique Weapon Emporium.
  1064 | D:4      | Bought a glowing dire flail for 88 gold pieces
  1111 | D:4      | Reached XP level 6. HP: 36/57 MP: 6/6
  1189 | D:5      | Entered Level 5 of the Dungeon
  1346 | D:5      | Found a staircase to the Ecumenical Temple.
  1366 | Temple   | Entered the Ecumenical Temple
  1521 | D:5      | Reached skill level 5 in Dodging
  1581 | D:5      | Reached skill level 1 in Maces & Flails
  1597 | D:6      | Reached XP level 7. HP: 64/64 MP: 7/7
  1602 | D:6      | Reached skill level 1 in Evocations
  1703 | D:6      | Reached skill level 6 in Dodging
  1920 | D:6      | Reached XP level 8. HP: 54/73 MP: 9/9
  2043 | D:7      | Found Doppekue's Assorted Antiques.
  2045 | D:7      | Found a sparkling altar of Nemelex Xobeh.
  2049 | D:7      | Reached skill level 5 in Fighting
  2071 | D:7      | Acquired Trog's third power
  2168 | D:7      | Found Shuipsom's Antique Armour Emporium.
  2250 | D:7      | Bought an embroidered hat for 112 gold pieces
  2301 | D:7      | Found Praetao's Book Boutique.
  2394 | D:7      | Found a sparkling altar of Nemelex Xobeh.
  2447 | D:7      | Reached skill level 5 in Maces & Flails
  2491 | D:7      | Reached skill level 7 in Dodging
  2501 | D:7      | Found Plan's Armour Shoppe.
  2505 | D:7      | Noticed Edmund
  2513 | D:7      | Killed Edmund
  2644 | D:8      | Found a shadowy altar of Dithmenos.
  2672 | D:8      | Noticed Grum
  2681 | D:8      | Killed Grum
  2683 | D:8      | Gained mutation: You passively map the area around you. [level up]
  2683 | D:8      | Reached XP level 9. HP: 82/82 MP: 10/10
  2866 | D:8      | Reached skill level 8 in Dodging
  2912 | D:8      | Found a shadowy altar of Dithmenos.
  2951 | D:8      | Paralysed by a wasp for 3 turns
  3027 | D:8      | Noticed Joseph
  3045 | D:8      | Killed Joseph
  3045 | D:8      | Reached skill level 9 in Maces & Flails
  3047 | D:8      | Reached XP level 10. HP: 57/92 MP: 10/10
  3113 | D:8      | Found a staircase to the Lair.
  3161 | D:8      | Found an iron altar of Okawaru.
  3188 | D:8      | Found a flagged portal.
  3201 | Bailey   | Entered a bailey
  3220 | Bailey   | Noticed an orc knight
  3241 | Bailey   | Killed an orc knight
  3241 | Bailey   | Reached skill level 10 in Maces & Flails
  3246 | Bailey   | Noticed tognito's ghost (experienced MiBe)
  3269 | Bailey   | Mangled by tognito's ghost

Action                   |  1- 3 |  4- 6 |  7- 9 | 10-12 || total
-------------------------+-------+-------+-------+-------++-------
Melee: Hand axe          |    92 |    15 |       |       ||   107
       Halberd           |       |    43 |       |       ||    43
       Dire flail        |       |    72 |   289 |    90 ||   451
 Fire: Hunting sling     |     9 |       |       |       ||     9
Throw: Stone             |     5 |       |       |       ||     5
       Tomahawk          |       |       |       |     5 ||     5
Invok: Berserk           |     2 |     2 |     5 |     1 ||    10
       Trog's Hand       |     1 |     5 |     8 |     4 ||    18
 Abil: Device Recharging |       |       |     1 |       ||     1
Evoke: Wand              |     1 |     2 |     2 |     4 ||     9
  Use: Scroll            |       |     4 |       |       ||     4
       Potion            |       |       |       |     2 ||     2
 Stab: Sleeping          |     1 |       |       |       ||     1
  Eat: Bread ration      |       |     1 |     3 |     1 ||     5
       Meat ration       |       |     1 |       |       ||     1
